[ PARTIDA AOE2 · #495906800 ]
UnrankedVietnamitas vs Chinese
Equipo del jugador · VICT
Equipo rival · DERR
[ ANÁLISIS DE REPETICIÓN · EXTRAÍDO DE LA PARTIDA GRABADA ]
Feudal
8:50
Castillos
17:45
Imperial
—
| APM promedio | 47.4 |
| APM pico | 67 |
| eAPM promedio | 20.5 |
| Aldeanos / militares | 48 / 24 |
Foco
⚔️ 37.7% · 🌾 62.3%
Archer ×21 · Mangonel ×2 · Spearman ×1
Feudal
10:20
Castillos
14:08
Imperial
—
| APM promedio | 47.8 |
| APM pico | 69 |
| eAPM promedio | 26.6 |
| Aldeanos / militares | 23 / 18 |
Foco
⚔️ 40.3% · 🌾 59.7%
Fire Lancer ×14 · Battering Ram ×4
Mapa de la partida
Recursos iniciales + cada clic de construcción. Líneas = muros · curvas = relieve. ◆ oro · ⬟ piedra · ● bayas · ✦ reliquia · ◌ hueco del cierre
Tu base· Abierta — el rival se encerró
Base de Quap· Abierta — hueco de 3t
Terreno inicial suavizado · ◌ = hueco del cierre detectado · pasá el cursor para detalles
Inputs por minuto
— LM | L3ouis - - Quap
Build order — LM | L3ouis
123 acciones detectadas en el replay
| 0:00 | Crear | Villager (Male) |
| 0:00 | Crear | Villager (Male) |
| 0:01 | Crear | Villager (Male) |
| 0:02 | Construir | House |
| 0:03 | Construir | House |
| 0:05 | Crear | Villager (Male) |
| 1:24 | Crear | Villager (Male) |
| 1:46 | Construir | Lumber Camp |
| 1:51 | Crear | Villager (Male) |
| 1:51 | Crear | Villager (Male) |
| 2:20 | Crear | Villager (Male) |
| 2:20 | Crear | Villager (Male) |
| 2:47 | Crear | Villager (Male) |
| 2:47 | Crear | Villager (Male) |
| 3:05 | Crear | Villager (Male) |
| 3:05 | Crear | Villager (Male) |
| 3:20 | Construir | House |
| 3:36 | Crear | Villager (Male) |
| 3:36 | Crear | Villager (Male) |
| 3:37 | Crear | Villager (Male) |
| 3:55 | Crear | Villager (Male) |
| 3:56 | Crear | Villager (Male) |
| 4:24 | Crear | Villager (Male) |
| 5:11 | Construir | Mining Camp |
| 5:25 | Crear | Villager (Male) |
| 5:41 | Crear | Villager (Male) |
| 5:59 | Investigar | Loom |
| 6:34 | Investigar | Feudal Age |
| 6:34 | Investigar | Feudal Age |
| 6:49 | Construir | Barracks |
| 7:05 | Construir | House |
| 8:08 | Crear | Villager (Male) |
| 8:09 | Crear | Villager (Male) |
| 8:21 | Construir | Palisade Wall |
| 8:36 | Construir | Palisade Wall |
| 8:37 | Construir | Palisade Wall |
| 8:50 | Edad | Edad Feudal |
| 8:53 | Construir | Archery Range |
| 8:54 | Investigar | Double-Bit Axe |
| 9:03 | Construir | Mill |
| 9:16 | Crear | Villager (Male) |
| 9:20 | Crear | Villager (Male) |
| 9:23 | Crear | Spearman |
| 9:26 | Crear | Villager (Male) |
| 9:33 | Crear | Villager (Male) |
| 9:45 | Crear | Archer |
| 9:51 | Construir | Blacksmith |
| 9:58 | Construir | House |
| 10:15 | Crear | Archer |
| 10:19 | Crear | Villager (Male) |
| 10:30 | Crear | Archer |
| 10:50 | Construir | House |
| 10:50 | Crear | Villager (Male) |
| 10:59 | Investigar | Fletching |
| 11:03 | Construir | Farm |
| 11:05 | Construir | Farm |
| 11:21 | Crear | Villager (Male) |
| 11:23 | Construir | Farm |
| 11:38 | Crear | Villager (Male) |
| 11:39 | Crear | Archer |
| 11:42 | Construir | House |
| 12:10 | Crear | Villager (Male) |
| 12:12 | Construir | Farm |
| 12:14 | Construir | Farm |
| 12:18 | Construir | Palisade Wall |
| 12:44 | Crear | Villager (Male) |
| 12:45 | Crear | Archer |
| 12:49 | Construir | House |
| 12:51 | Construir | Palisade Wall |
| 13:19 | Crear | Archer |
| 13:29 | Construir | Market |
| 13:38 | Crear | Villager (Male) |
| 13:58 | Crear | Villager (Male) |
| 14:15 | Crear | Villager (Male) |
| 14:16 | Crear | Archer |
| 14:36 | Crear | Villager (Male) |
| 14:50 | Investigar | Castle Age |
| 14:50 | Investigar | Castle Age |
| 14:53 | Crear | Archer |
| 15:28 | Construir | Archery Range |
| 15:29 | Crear | Archer |
| 15:36 | Investigar | Padded Archer Armor |
| 15:36 | Investigar | Padded Archer Armor |
| 15:41 | Crear | Archer |
| 15:57 | Crear | Villager (Male) |
| 15:58 | Construir | Farm |
| 16:18 | Crear | Villager (Male) |
| 16:21 | Construir | House |
| 16:39 | Crear | Villager (Male) |
| 16:42 | Construir | House |
| 16:43 | Construir | House |
| 16:58 | Crear | Archer |
| 17:00 | Crear | Archer |
| 17:18 | Crear | Archer |
| 17:45 | Edad | Edad de los Castillos |
| 17:46 | Investigar | Crossbowman (upgrade) |
| 17:47 | Investigar | Bodkin Arrow |
| 17:51 | Construir | Siege Workshop |
| 17:54 | Construir | Farm |
| 17:56 | Construir | Farm |
| 18:00 | Investigar | Horse Collar |
| 18:15 | Crear | Villager (Male) |
| 18:41 | Crear | Archer |
| 18:42 | Crear | Archer |
| 18:42 | Crear | Villager (Male) |
| 18:54 | Crear | Villager (Male) |
| 19:05 | Crear | Archer |
| 19:07 | Crear | Mangonel |
| 19:09 | Construir | House |
| 19:10 | Crear | Villager (Male) |
| 19:10 | Crear | Villager (Male) |
| 19:15 | Construir | Palisade Wall |
| 19:20 | Construir | House |
| 19:33 | Construir | Siege Workshop |
| 19:37 | Crear | Archer |
| 19:40 | Crear | Archer |
| 19:54 | Crear | Archer |
| 20:05 | Crear | Villager (Male) |
| 20:05 | Crear | Villager (Male) |
| 20:05 | Crear | Villager (Male) |
| 20:13 | Crear | Archer |
| 20:13 | Crear | Archer |
| 20:22 | Crear | Mangonel |
Build order — Quap
95 acciones detectadas en el replay
| 0:02 | Investigar | Loom |
| 0:39 | Crear | Villager (Male) |
| 0:40 | Crear | Villager (Male) |
| 1:05 | Crear | Villager (Male) |
| 1:05 | Crear | Villager (Male) |
| 1:27 | Crear | Villager (Male) |
| 1:27 | Crear | Villager (Male) |
| 1:34 | Construir | Lumber Camp |
| 1:47 | Crear | Villager (Male) |
| 2:19 | Crear | Villager (Male) |
| 2:19 | Crear | Villager (Male) |
| 2:58 | Crear | Villager (Male) |
| 2:59 | Crear | Villager (Male) |
| 3:16 | Construir | House |
| 3:19 | Construir | House |
| 3:20 | Construir | House |
| 3:30 | Crear | Villager (Male) |
| 3:54 | Crear | Villager (Male) |
| 4:30 | Crear | Villager (Male) |
| 4:48 | Construir | Mill |
| 4:58 | Crear | Villager (Male) |
| 4:58 | Crear | Villager (Male) |
| 4:59 | Crear | Villager (Male) |
| 5:30 | Crear | Villager (Male) |
| 5:35 | Crear | Villager (Male) |
| 6:31 | Crear | Villager (Male) |
| 6:42 | Construir | Mining Camp |
| 7:38 | Crear | Villager (Male) |
| 7:42 | Investigar | Feudal Age |
| 8:57 | Construir | Palisade Wall |
| 8:58 | Construir | Palisade Wall |
| 9:02 | Construir | Palisade Wall |
| 9:54 | Construir | Palisade Wall |
| 9:55 | Construir | Palisade Wall |
| 9:56 | Construir | Palisade Wall |
| 9:58 | Construir | Palisade Wall |
| 9:59 | Construir | Palisade Wall |
| 10:01 | Construir | Palisade Wall |
| 10:20 | Edad | Edad Feudal |
| 10:28 | Construir | Market |
| 10:30 | Construir | Blacksmith |
| 10:55 | Construir | Watch Tower |
| 10:58 | Construir | Palisade Wall |
| 11:02 | Construir | Palisade Wall |
| 11:08 | Construir | Palisade Wall |
| 11:09 | Construir | Palisade Wall |
| 11:13 | Crear | Villager (Male) |
| 11:28 | Investigar | Castle Age |
| 11:28 | Investigar | Castle Age |
| 11:42 | Construir | Palisade Wall |
| 12:19 | Construir | Palisade Wall |
| 12:30 | Crear | Villager (Male) |
| 12:39 | Construir | House |
| 12:41 | Construir | House |
| 12:42 | Construir | House |
| 13:02 | Construir | Palisade Wall |
| 13:03 | Construir | Palisade Wall |
| 13:43 | Construir | Barracks |
| 13:47 | Construir | Barracks |
| 14:08 | Edad | Edad de los Castillos |
| 14:23 | Construir | House |
| 14:24 | Construir | Palisade Wall |
| 14:31 | Construir | Palisade Wall |
| 14:34 | Construir | Palisade Wall |
| 14:45 | Construir | Siege Workshop |
| 14:46 | Crear | Fire Lancer |
| 14:46 | Crear | Fire Lancer |
| 15:31 | Crear | Battering Ram |
| 15:42 | Construir | Lumber Camp |
| 15:48 | Construir | House |
| 15:55 | Crear | Fire Lancer |
| 15:55 | Crear | Fire Lancer |
| 15:55 | Crear | Fire Lancer |
| 16:04 | Investigar | Double-Bit Axe |
| 16:04 | Investigar | Double-Bit Axe |
| 16:41 | Crear | Battering Ram |
| 17:01 | Crear | Fire Lancer |
| 17:02 | Crear | Fire Lancer |
| 17:08 | Construir | House |
| 17:20 | Crear | Fire Lancer |
| 17:43 | Crear | Battering Ram |
| 17:43 | Crear | Battering Ram |
| 17:49 | Construir | House |
| 18:08 | Crear | Fire Lancer |
| 18:08 | Crear | Fire Lancer |
| 18:08 | Crear | Fire Lancer |
| 18:16 | Construir | House |
| 18:29 | Construir | House |
| 18:31 | Crear | Fire Lancer |
| 18:41 | Construir | Palisade Wall |
| 18:43 | Construir | Palisade Wall |
| 18:58 | Construir | Siege Workshop |
| 19:18 | Crear | Fire Lancer |
| 19:18 | Crear | Fire Lancer |
| 20:16 | Construir | House |
Cronología de la partida
| 6:49 | LM | L3ouis · first_building Barracks |
| 8:21 | LM | L3ouis · wall_segment Palisade Wall x3 |
| 8:36 | LM | L3ouis · wall_segment Palisade Wall x1 |
| 8:37 | LM | L3ouis · wall_segment Palisade Wall x1 |
| 8:50 | LM | L3ouis · age_up feudal |
| 8:53 | LM | L3ouis · first_building Archery Range |
| 8:57 | Quap · wall_segment Palisade Wall x1 |
| 8:58 | Quap · wall_segment Palisade Wall x1 |
| 9:02 | Quap · wall_segment Palisade Wall x1 |
| 9:54 | Quap · wall_segment Palisade Wall x1 |
| 9:55 | Quap · wall_segment Palisade Wall x1 |
| 9:56 | Quap · wall_segment Palisade Wall x1 |
| 9:58 | Quap · wall_segment Palisade Wall x1 |
| 9:59 | Quap · wall_segment Palisade Wall x1 |
| 10:01 | Quap · wall_segment Palisade Wall x1 |
| 10:20 | Quap · age_up feudal |
| 10:58 | Quap · wall_segment Palisade Wall x1 |
| 11:02 | Quap · wall_segment Palisade Wall x1 |
| 11:08 | Quap · wall_segment Palisade Wall x1 |
| 11:09 | Quap · wall_segment Palisade Wall x1 |
| 11:21 | Quap · first_market_buy 100 food |
| 11:22 | Quap · first_market_sell 100 wood |
| 11:42 | Quap · wall_segment Palisade Wall x1 |
| 12:18 | LM | L3ouis · wall_segment Palisade Wall x2 |
| 12:19 | Quap · wall_segment Palisade Wall x1 |
| 12:51 | LM | L3ouis · wall_segment Palisade Wall x2 |
| 13:02 | Quap · wall_segment Palisade Wall x1 |
| 13:03 | Quap · wall_segment Palisade Wall x1 |
| 13:43 | Quap · first_building Barracks |
| 14:08 | Quap · age_up castle |
| 14:24 | Quap · wall_segment Palisade Wall x1 |
| 14:31 | Quap · wall_segment Palisade Wall x1 |
| 14:34 | Quap · wall_segment Palisade Wall x1 |
| 14:42 | LM | L3ouis · first_market_sell 100 stone |
| 14:45 | Quap · first_building Siege Workshop |
| 14:45 | LM | L3ouis · first_market_buy 100 food |
| 17:45 | LM | L3ouis · age_up castle |
| 17:51 | LM | L3ouis · first_building Siege Workshop |
| 18:41 | Quap · wall_segment Palisade Wall x1 |
| 18:43 | Quap · wall_segment Palisade Wall x1 |
| 19:15 | LM | L3ouis · wall_segment Palisade Wall x1 |
| 20:24 | Quap · resign |
[ ANÁLISIS IA · 1 CRÉDITO ]
¿Qué pasó realmente en esta partida?
Wolo.gg analiza cada decisión: build order, eco, micro, errores típicos por bracket. Análisis personalizado por WhatsApp o Discord en 30 segundos.
Guía civ
Vietnamitas
Perfil
Jugador #9597568